 Dungeon Crawl Stone Soup version 0.22.1-1-ga44c0e56f4 (webtiles) character file.

611 OdinFK the Skirmisher (level 7, 0/55 HPs)
             Began as a Demonspawn Abyssal Knight on Oct 18, 2018.
             Was a Priest of Lugonu.
             Succumbed to a scorpion's poison
             ... on level 4 of the Dungeon.
             The game lasted 00:14:29 (4243 turns).

OdinFK the Skirmisher (Demonspawn Abyssal Knight)   Turns: 4243, Time: 00:14:29

Health: 0/55       AC: 12    Str: 14    XL:     7   Next: 20%
Magic:  9/9        EV: 20    Int: 13    God:    Lugonu [***...]
Gold:   281        SH:  0    Dex: 16    Spells: 6/6 levels left

rFire    + . .     SeeInvis .   (weapon currently unavailable)
rCold    + . .     Gourm    .   (shield currently unavailable)
rNeg     + + +     Faith    .   (armour currently unavailable)
rPois    +         Spirit   .   (helmet unavailable)
rElec    +         Reflect  .   (cloak currently unavailable)
rCorr    +         Harm     .   (gloves currently unavailable)
MR       .....                  (boots currently unavailable)
Stlth    +.........             (no amulet)
HPRegen  0.18/turn              m - +3 ring of dexterity
MPRegen  0.11/turn              v - ring of flight

@: lethally poisoned (0 -> -10), fungus-form, resistant
A: tiny, demonic guardian 1
a: Depart the Abyss, Bend Space, Banish, Renounce Religion, Evoke Flight


You were on level 4 of the Dungeon.
You worshipped Lugonu.
Lugonu was most pleased with you.
You were not hungry.
You were a sentient fungus.
You visited 1 branch of the dungeon, and saw 4 of its levels.
You visited the Abyss 1 time.

You collected 281 gold pieces.

Inventory:

Hand Weapons
 a - a +1 falchion
 o - a cursed -3 short sword
 s - a +1 hand axe of chopping (melded)
Armour
 d - a +0 pair of gloves (melded)
 e - a +0 scale mail (melded)
 h - a +0 cloak (melded)
Jewellery
 m - a +3 ring of dexterity (left hypha)
 v - a ring of flight (right hypha)
Wands
 p - a wand of acid (12)
 t - a wand of polymorph (13)
Scrolls
 g - a scroll of enchant weapon {unknown}
 i - 2 scrolls of remove curse
 j - 2 scrolls of amnesia
 k - a scroll of immolation {unknown}
 l - 3 scrolls of teleportation
 r - a scroll of random uselessness {unknown}
Potions
 b - a potion of resistance
 n - 4 potions of haste
 q - a potion of flight
 u - 2 potions of brilliance
 w - a potion of berserk rage
 x - a potion of magic
Comestibles
 c - 5 rations


   Skills:
 + Level 4.5 Fighting
 - Level 2.9 Long Blades
 + Level 3.7 Axes
 + Level 3.9 Armour
 + Level 2.1 Dodging
 + Level 0.2 Unarmed Combat
 + Level 2.7 Invocations


You had 6 spell levels left.
You didn't know any spells.
Your spell library was empty.

Dungeon Overview and Level Annotations

Branches:
Dungeon (4/15)
 Temple: D:4-7

Altars:
Fedhas
Gozag
Hepliaklqana
Kikubaaqudgha
Nemelex Xobeh
Okawaru
Qazlal
Sif Muna

Annotations:
D:4 Robin


Innate Abilities, Weirdness & Mutations

((You have a pair of large antennae on your head. (SInv)))
A weak demonic guardian rushes to your aid.


Message History

You feel sick. The scorpion misses you.
The scorpion stings you but does no damage.
You hit the scorpion but do no damage.
The scorpion is almost dead.
* * * LOW HITPOINT WARNING * * *
You feel sick. The scorpion closely misses you.
Aiming: Polymorph
Press: ? - help, Shift-Dir - straight line, f - you You turn into a sentient fungus.
Your +1 hand axe of chopping melds into your body.
Your +0 cloak melds into your body.
Your +0 pair of gloves melds into your body.
Your +0 scale mail melds into your body.
* * * LOW HITPOINT WARNING * * *
You feel sick. The scorpion misses you.
You're too terrified to move while being watched!
You release spores at the scorpion!
You kill the scorpion!
Lugonu accepts your kill.
You die...

### #<# #)############
#..........).#
############.# #.#
######## #.# #........#
#f# #........# #†#
.........# #[#
.......###)##########
....#....).)).......
#..#.....))[.......
.≈≈##..#)..............
#≈....[.....####......
#≈########### ......


There were no monsters in sight!

Vanquished Creatures
  A scorpion (D:4)
  A gnoll shaman (D:3)
  2 orc priests (D:4)
  An orc wizard (D:3)
  Ijyb (D:3)
  9 gnolls
  3 adders
  2 oozes
  A worm (D:2)
  2 dart slugs
  A leopard gecko (D:3)
  6 orcs
  6 bats
  2 giant cockroaches
  11 goblins
  7 hobgoblins
  4 jackals (D:2)
  8 kobolds
  2 quokkas
  A ball python (D:1)
  7 frilled lizards
  12 rats
90 creatures vanquished.

Vanquished Creatures (collateral kills)
  Grinder (D:3)
  A gnoll shaman (D:4)
  Terence (D:2)
  Natasha (twice) (D:2)
  2 orcs
7 creatures vanquished.

Grand Total: 97 creatures vanquished

Notes
Turn   | Place    | Note
-------+----------+-------------------------------------------
     0 | Abyss:1  | OdinFK the Demonspawn Abyssal Knight began the quest for
                  | the Orb.
     0 | Abyss:1  | Reached XP level 1. HP: 18/18 MP: 2/2
    87 | Abyss:1  | Found a corrupted altar of Lugonu.
   131 | Abyss:1  | Noticed a large abomination
   139 | Abyss:1  | Noticed a small abomination
   140 | Abyss:1  | Noticed a small abomination
   162 | Abyss:1  | Noticed a large abomination
   165 | D:1      | Escaped the Abyss
   184 | D:1      | Reached skill level 1 in Dodging
   189 | D:1      | Reached * piety under Lugonu
   226 | D:1      | Gained mutation: A weak demonic guardian rushes to your
                  | aid. [demonic ancestry]
   226 | D:1      | Reached XP level 2. HP: 21/24 MP: 3/3
   775 | D:2      | Reached XP level 3. HP: 8/29 MP: 4/4
  1185 | D:2      | Noticed Terence
  1206 | D:2      | Killed Terence
  1252 | D:2      | Found an ancient bone altar of Kikubaaqudgha.
  1363 | D:2      | Noticed Natasha
  1367 | D:2      | Killed Natasha
  1367 | D:2      | Gained mutation: You have a pair of small antennae on your
                  | head. [demonic ancestry]
  1367 | D:2      | Reached XP level 4. HP: 22/36 MP: 6/6
  1391 | D:2      | Reached ** piety under Lugonu
  1527 | D:2      | Found a deep blue altar of Sif Muna.
  1577 | D:2      | Found a hazy altar of Hepliaklqana.
  1607 | D:2      | Found a blossoming altar of Fedhas.
  1696 | D:2      | Found an iron altar of Okawaru.
  1789 | D:2      | Noticed Natasha
  1795 | D:2      | Killed Natasha
  2022 | D:3      | Reached skill level 1 in Axes
  2022 | D:3      | Gained mutation: You have a pair of antennae on your head.
                  | [demonic ancestry]
  2022 | D:3      | Reached XP level 5. HP: 41/42 MP: 7/7
  2169 | D:3      | Noticed Ijyb
  2178 | D:3      | Killed Ijyb
  2214 | D:3      | Noticed Grinder
  2226 | D:3      | Killed Grinder
  2226 | D:3      | Reached XP level 6. HP: 21/48 MP: 8/8
  2401 | D:3      | Found a stormy altar of Qazlal.
  2416 | D:3      | Reached skill level 4 in Fighting
  3325 | D:3      | Found a sparkling altar of Nemelex Xobeh.
  3327 | D:3      | Found an opulent altar of Gozag.
  3500 | D:4      | Noticed Robin
  3509 | D:4      | Reached *** piety under Lugonu
  4120 | D:4      | Gained mutation: You have a pair of large antennae on your
                  | head. (SInv) [demonic ancestry]
  4120 | D:4      | Reached XP level 7. HP: 42/54 MP: 9/9
  4241 | D:4      | HP: 2/54 [poisoned by a scorpion]
  4243 | D:4      | Succumbed to a scorpion's poison

Skill      XL: |  1  2  3  4  5  6 |
---------------+-------------------+-----
Dodging        | 1 2 |  2.1
Armour         | 2 3 |  3.9
Long Blades    | 2 |  2.9
Axes           | 1 2 3 |  3.7
Fighting       | 4 |  4.5
Unarmed Combat | |  0.2
Invocations    | |  2.7

Action                   |  1- 3 |  4- 6 |  7- 9 || total
-------------------------+-------+-------+-------++-------
Melee: Falchion          |   106 |       |       ||   106
       Hand axe          |     3 |   177 |    29 ||   209
       Unarmed           |       |     3 |     1 ||     4
Invok: Depart the Abyss  |     1 |       |       ||     1
Evoke: Wand              |       |       |     1 ||     1
  Use: Scroll            |       |     9 |       ||     9
       Potion            |       |       |     1 ||     1
 Stab: Confused          |       |     1 |       ||     1
  Eat: Chunk             |     1 |     6 |     1 ||     8
       Ration            |       |     1 |       ||     1
Armor: Leather armour    |     8 |       |       ||     8
       Ring mail         |    34 |    76 |     4 ||   114
       Scale mail        |       |       |     7 ||     7
Dodge: Dodged            |    60 |   112 |    17 ||   189
       Rpst.: Falchion   |    20 |       |       ||    20
